 Dungeon Crawl Stone Soup version 0.28.0-53-g5a82cb258f (webtiles) character file.

Game seed: 15515832363945920912

1407 Peach229 the Cleaver (level 8, -3/70 HPs)
             Began as a Minotaur Fighter on July 4, 2022.
             Was an Initiate of Okawaru.
             Shot with an arrow by a centaur (9 damage)
             ... on level 7 of the Dungeon.
             The game lasted 00:13:45 (6540 turns).

Peach229 the Cleaver (Minotaur Fighter)             Turns: 6540, Time: 00:13:46

Health: -3/70      AC:  9    Str: 22    XL:     8   Next: 42%
Magic:  7/7        EV:  7    Int:  5    God:    Okawaru [......]
Gold:   305        SH:  6    Dex: 17    Spells: 7/7 levels left

rFire   . . .      SeeInvis .   a - +0 war axe
rCold   . . .      Faith    .   c - +1 buckler
rNeg    . . .      Spirit   .   e - +0 chain mail
rPois   .          Reflect  .   (helmet restricted)
rElec   .          Harm     .   (no cloak)
rCorr   +          Rampage  .   (no gloves)
Will    .....                   (no boots)
Stlth   ..........              (no amulet)
HPRegen 0.21/turn               w - +6 ring of dexterity
MPRegen 0.10/turn               f - ring of resist corrosion

@: no status effects
A: horns 2, retaliatory headbutt
a: Renounce Religion


You were on level 7 of the Dungeon.
You worshipped Okawaru.
Okawaru was noncommittal.
You visited 2 branches of the dungeon, and saw 8 of its levels.

You collected 407 gold pieces.
You spent 102 gold pieces at shops.

Inventory:

Hand Weapons
 a - a +0 war axe (weapon)
Missiles
 g - 26 poisoned darts (quivered)
Armour
 b - a +0 scale mail
 c - a +1 buckler (worn)
 e - a +0 chain mail (worn)
Jewellery
 f - a ring of resist corrosion (right hand)
 w - a +6 ring of dexterity (left hand)
Wands
 m - a wand of polymorph (5)
Scrolls
 k - 3 scrolls of teleportation
 q - 2 scrolls of enchant armour
 r - a scroll of fear
 u - a scroll of blinking
 v - a scroll of noise
Potions
 d - 2 potions of might
 h - a potion of mutation
 i - a potion of resistance
 j - a potion of curing
 l - a potion of attraction
 p - a potion of lignification
 s - a potion of flight
Miscellaneous
 n - a phantom mirror


   Skills:
 + Level 6.2 Fighting
 * Level 11.5 Axes
 - Level 3.6 Armour
 - Level 0.1 Stealth
 - Level 3.6 Shields


You had 7 spell levels left.
You didn't know any spells.
Your spell library contained the following spells:

 Spells                   Type           Power      Damage    Failure   Level
 Sandblast                Erth           0%         2d4       99%         1
 Slow                     Hex            0%         N/A       99%         1
 Corpse Rot               Necr/Air       0%         N/A       100%        2
 Passwall                 Tmut/Erth      0%         N/A       100%        2
 Poisonous Vapours        Pois/Air       0%         N/A       100%        2
 Stone Arrow              Conj/Erth      0%         3d7       100%        3


Dungeon Overview and Level Annotations

Branches:
Dungeon (7/15)             Temple (1/1) D:6

Altars:
Ashenzari
Cheibriados
Dithmenos
Elyvilon
Fedhas
Gozag
Hepliaklqana
Kikubaaqudgha
Okawaru
Ru
Trog
Uskayaw
Vehumet
Wu Jian
Xom
Yredelemnul

Shops:
D:6 ?=

Annotations:
D:5 2 transporters, shaman420's ghost, novice OpAM


Innate Abilities, Weirdness & Mutations

You have a pair of horns on your head.
You reflexively headbutt those who attack you in melee.


Message History

You see here a +0 leather armour.
Found a stone staircase leading up.
Found two stone staircases leading down.
Found a potion of mutation.
A centaur comes into view.
The centaur shouts!
You hear a shout!
The centaur wields a +0 shortbow.
The centaur shoots an arrow.
The arrow hits you but does no damage.
The centaur shoots an arrow.
The arrow hits you but does no damage.
You see here 6 poisoned darts.
A centaur comes into view.
The centaur shoots an arrow.
The arrow hits you.
The centaur moves out of view.
You hear an angry hiss.
A centaur skeleton comes into view.
The centaur wields a +0 shortbow.
The centaur shoots an arrow.
The arrow barely misses you.
The centaur shoots an arrow.
The arrow hits you.
You hear an angry hiss.
A centaur skeleton comes into view.
A steam dragon comes into view.
The centaur shoots an arrow.
The arrow hits you.
A wyvern zombie comes into view.
The centaur shoots an arrow.
The arrow hits you.
The centaur unwields a +0 shortbow.
You block the centaur's attack. The centaur barely misses you.
The centaur shoots an arrow.
You block the arrow.
You hit the centaur but do no damage.
You headbutt the centaur, but do no damage.
The centaur hits you. The centaur closely misses you.
An orc warrior comes into view. It is wielding a +0 battleaxe.
The centaur shoots an arrow.
The arrow hits you! You block the centaur's attack.
The centaur kicks you but does no damage.
The centaur wields a +0 shortbow.
The centaur shoots an arrow.
You block the arrow.
The centaur shoots an arrow.
The arrow hits you!
The centaur shoots an arrow.
The arrow hits you!
The centaur shoots an arrow.
The arrow hits you!
* * * LOW HITPOINT WARNING * * *
The centaur shoots an arrow.
The arrow hits you!
* * * LOW HITPOINT WARNING * * *
The centaur shoots an arrow.
The arrow hits you!
You die...

.###....!##....
................ ###
#............... .o.
#...............
###Z##..........?....
...ZZ#...............
#Dc.>......<......
#c...@(..........
#................
#..#..>...#.....
#..#######.# ####
...# #.### ####
##...## ##.....##
#.......# #.......#


You could see a steam dragon, 2 centaurs and 2 centaur skeletons.

Vanquished Creatures
  Menkaure (D:4)
  2 ogres
  2 black bears
  A necrophage (D:6)
  A phantom (D:4)
  A water moccasin skeleton (D:6)
  2 centaur skeletons (D:4)
  2 hounds (D:5)
  A jelly (D:6)
  An orc priest (D:5)
  2 bullfrog skeletons
  4 iguanas
  Terence (D:3)
  Natasha (twice) (D:3)
  2 orc wizards (D:5)
  A hound skeleton (D:5)
  2 mummies
  A howler monkey zombie (D:5)
  Robin (D:2)
  A gnoll (D:1)
  A howler monkey skeleton (D:7)
  10 adders
  An adder zombie (D:4)
  A worm (D:3)
  3 dart slugs
  9 orcs
  6 endoplasms
  3 giant cockroaches
  4 hobgoblins
  4 quokkas
  10 ball pythons
  5 bats
  6 frilled lizards
  14 goblins
  6 kobolds
  5 rats
119 creatures vanquished.

Notes
Turn   | Place    | Note
-------+----------+-------------------------------------------
     0 | D:1      | Peach229 the Minotaur Fighter began the quest for the Orb.
     0 | D:1      | Reached XP level 1. HP: 19/19 MP: 0/0
   189 | D:1      | Reached XP level 2. HP: 21/28 MP: 1/1
   584 | D:1      | Reached skill level 3 in Axes
   610 | D:1      | Found a faded altar of an unknown god.
   614 | D:1      | Got Plato's Grimoire of Execration
  1057 | D:2      | Reached XP level 3. HP: 34/34 MP: 2/2
  1211 | D:2      | Noticed Robin
  1222 | D:2      | Killed Robin
  1226 | D:2      | Reached skill level 4 in Axes
  1349 | D:2      | Reached XP level 4. HP: 41/41 MP: 3/3
  2246 | D:3      | Reached skill level 5 in Fighting
  2246 | D:3      | Reached skill level 5 in Axes
  2326 | D:3      | Noticed Natasha
  2335 | D:3      | Killed Natasha
  2336 | D:3      | Reached XP level 5. HP: 45/48 MP: 4/4
  2519 | D:3      | Noticed Natasha
  2526 | D:3      | Killed Natasha
  2606 | D:3      | Found a shimmering altar of Xom.
  2724 | D:3      | Noticed an ogre
  2730 | D:3      | Killed an ogre
  2731 | D:3      | Reached skill level 6 in Axes
  2731 | D:3      | Reached XP level 6. HP: 48/56 MP: 5/5
  2994 | D:3      | Noticed Terence
  3000 | D:3      | Killed Terence
  3001 | D:3      | Reached skill level 7 in Axes
  3670 | D:4      | Found a blossoming altar of Fedhas.
  3670 | D:4      | Found a sacrificial altar of Ru.
  3718 | D:4      | Found a transporter.
  3723 | D:4      | Found a transporter.
  3733 | D:4      | Reached skill level 8 in Axes
  3741 | D:4      | Found a basalt altar of Yredelemnul.
  3746 | D:4      | Noticed Menkaure
  3753 | D:4      | Found an ancient bone altar of Kikubaaqudgha.
  3812 | D:4      | Killed Menkaure
  3813 | D:4      | Reached XP level 7. HP: 12/61 MP: 6/6
  3819 | D:4      | Reached skill level 9 in Axes
  4213 | D:4      | Found an ornate altar of the Wu Jian Council.
  4421 | D:5      | Entered Level 5 of the Dungeon
  4614 | D:5      | Found a transporter.
  4618 | D:5      | Found a transporter.
  4624 | D:5      | Reached skill level 10 in Axes
  4633 | D:5      | Noticed shaman420's ghost (novice OpAM)
  4978 | D:5      | Found a snail-covered altar of Cheibriados.
  4984 | D:5      | Reached XP level 8. HP: 70/70 MP: 7/7
  5182 | D:6      | Found a staircase to the Ecumenical Temple.
  5196 | Temple   | Entered the Ecumenical Temple
  5654 | Temple   | Became a worshipper of Warmaster Okawaru
  5710 | D:6      | Found Etwisera's Magic Scroll Boutique.
  5725 | D:6      | Bought a scroll of blinking for 90 gold pieces
  5725 | D:6      | Bought a scroll of noise for 12 gold pieces
  5856 | D:6      | Reached skill level 11 in Axes
  6071 | D:6      | Found Hal Kyim's Jewellery Shoppe.
  6540 | D:7      | Shot with an arrow by a centaur

Illustrated notes

Levels and vault maps discovered:
D:1:      mrwooster_arrival_statue_2, layout_basic,
          shapermc_ecumenical_altar_rom_forum
D:2:      layout_basic, uniq_robin
D:3:      layout_basic, xom_teletrap_fun, kennysheep_flooded_box, uniq_terence,
          uniq_natasha
D:4:      layout_loops_corners, gammafunk_temple_of_torment,
          mainiacjoe_overflow_small_starburst, gammafunk_temple_overflow_statue
D:5:      layout_rooms, slow_altar_2, gammafunk_ghost_hive, grunt_decor_junction
D:6:      layout_basic, minmay_temple_entry_drinking_statues, serial_shops,
          nicolae_shop_statue_plus, nicolae_shop_stone
D:7:      layout_rooms, minmay_manual_maat, uniq_crazy_yiuf_cottage
Temple:   compressed_dpeg_triangle_lava_temple

Skill      XL: |  1  2  3  4  5  6  7  8 |
---------------+-------------------------+-----
Fighting       | 4 5 6 |  6.2
Axes           | 3 4 5 6 8 10 11 | 11.5
Armour         | |  3.6
Stealth        | |  0.1
Shields        | |  3.6

Action                   |  1- 3 |  4- 6 |  7- 9 || total
-------------------------+-------+-------+-------++-------
Melee: War axe           |    80 |   116 |    93 ||   289
       Headbutt          |    10 |    17 |    17 ||    44
  Use: Scroll            |     3 |     5 |     4 ||    12
       Potion            |       |     2 |     1 ||     3
Armor: Scale mail        |     4 |       |       ||     4
       Chain mail        |    42 |    81 |    38 ||   161
Dodge: Dodged            |    30 |    54 |    23 ||   107
Block: Buckler           |    18 |    19 |    23 ||    60
